 Dungeon Crawl Stone Soup version 0.25-a0-94-g9e23508adf (webtiles) character file.

Game seed: 10578154367535235071, levelgen mode: deterministic

16 D1HalberdGnoll the Poker (level 2, -2/23 HPs)
             Began as a Merfolk Skald on Nov 11, 2019.
             Slain by a gnoll
             ... wielding a +0 club
              (6 damage)
             ... on level 1 of the Dungeon.
             The game lasted 00:01:03 (298 turns).

D1HalberdGnoll the Poker (Merfolk Skald)             Turns: 298, Time: 00:01:03

Health: -2/23      AC:  3    Str: 11    XL:     2   Next: 54%
Magic:  4/5        EV: 12    Int: 12    God:
Gold:   34         SH:  0    Dex: 13    Spells: 4/5 levels left

rFire    . . .     SeeInvis .   a - +0 spear
rCold    . . .     Gourm    .   (no shield)
rNeg     . . .     Faith    .   b - +0 leather armour
rPois    .         Spirit   .   (no helmet)
rElec    .         Reflect  .   (no cloak)
rCorr    .         Harm     .   (no gloves)
MR       .....                  (no boots)
Stlth    +.........             (no amulet)
HPRegen  0.07/turn              (no ring)
MPRegen  0.09/turn              (no ring)

@: no status effects
A: change form in water, swift swim, stealthy swim
a: no special abilities


You were on level 1 of the Dungeon.
You were not hungry.

You visited 1 branch of the dungeon, and saw 1 of its levels.

You collected 34 gold pieces.

Inventory:

Hand Weapons
 a - a +0 spear (weapon)
Armour
 b - a +0 leather armour (worn)
Comestibles
 d - a ration


   Skills:
 + Level 2.5 Fighting
 * Level 3.9 Polearms
 - Level 0.6 Armour
 + Level 3.1 Dodging
 - Level 2.0 Spellcasting
 - Level 3.2 Charms


You had 4 spell levels left.
You knew the following spells:

 Your Spells              Type           Power        Failure   Level  Hunger
a - Infusion              Chrm           #...         10%         1    ##.....

Your spell library contained the following spells:

 Spells                   Type           Power        Failure   Level  Hunger
 Song of Slaying          Chrm           #.......     14%         2    ###....
 Shroud of Golubria       Chrm/Tloc      #.....       28%         2    ###....
 Regeneration             Chrm/Necr      #.........   50%         3    ####...
 Spectral Weapon          Hex/Chrm       #.......     50%         3    ####...


Dungeon Overview and Level Annotations

Branches:
Dungeon (1/15)

Altars:


Message History

Quivering
e - a scroll labeled KAUDWI ELIO for throwing.
Okay, then.
As you read the scroll labeled KAUDWI ELIO, it crumbles to dust.
The creatures around you are filled with an inner flame!
It was a scroll of immolation.
Evoke which item? (* to show all) (? for menu, Esc to quit)
Okay, then.
The gnoll misses you.
Things that are here:
a +0 club; a goblin corpse
There is an open door here.
Found a scroll labeled XEORYE ITEO.
You closely miss the gnoll.
The gnoll is moderately wounded.
The gnoll misses you.
You hit the gnoll.
The gnoll is heavily wounded.
A hobgoblin comes into view. It is wielding a +0 club.
The gnoll hits you with a +0 club.
You die...

#####'#####.....
#....)....#.....
#.........#.....
#..⌠...⌠).#.....
#.......g.#.....
+....<....'.....
###.........#.....
##.#..⌠...⌠..#.#...
##.@#.........#g....
#.gg#.........#.####
####...#####+#####.....
....................####
....................#
g.......................
#####...................
#..............##...
...#.....#.....## ...


You could see a gnoll (inner flame) and 2 hobgoblins.

Vanquished Creatures
  2 bats (D:1)
  A giant cockroach (D:1)
  A hobgoblin (D:1)
  4 jackals (D:1)
  2 goblins (D:1)
  3 kobolds (D:1)
  2 rats (D:1)
15 creatures vanquished.

Notes
Turn   | Place    | Note
-------+----------+-------------------------------------------
     0 | D:1      | D1HalberdGnoll the Merfolk Skald began the quest for the
                  | Orb.
     0 | D:1      | Reached XP level 1. HP: 16/16 MP: 3/3
    38 | D:1      | Reached XP level 2. HP: 16/23 MP: 1/5
   263 | D:1      | HP: 1/23 [gnoll/+0 club (7)]
   298 | D:1      | Slain by a gnoll

Levels and vault maps discovered:
D:1:      mushboom_english_gardens, layout_rooms, minmay_tripent

Skill      XL: |  1 |
---------------+----+-----
Dodging        | 3 |  3.1
Fighting       | |  2.5
Polearms       | |  3.9
Armour         | |  0.6
Spellcasting   | |  2.0
Charms         | |  3.2

Action                   || total
-------------------------++-------
Melee: Spear             ||    57
 Cast: Infusion          ||     3
  Use: Scroll            ||     1
Armor: Leather armour    ||    12
Dodge: Dodged            ||    41

Table legend:
 A = Non-vault XP
 B = Vault XP
 C = Vault XP percentage of total XP
 D = Non-vault monster count
 E = Vault monster count
 F = Vault count percentage of total count
                 A         B        C        D         E       F
            +---------+---------+-------+---------+---------+-------
      Total |      23 |       0 |   0.0 |      15 |       0 |   0.0
            +---------+---------+-------+---------+---------+-------
        D:1 |      23 |       0 |   0.0 |      15 |       0 |   0.0
            +---------+---------+-------+---------+---------+-------
